[ AOE2 MATCH · #505309166 ]
UnrankedSlavs vs Berbers
Player's team · LOSS
Rival team · WIN
[ REPLAY ANALYSIS · EXTRACTED FROM THE RECORDED GAME ]
Feudal
13:00
Castle
19:57
Imperial
—
| APM avg | 73.1 |
| APM peak | 151 |
| eAPM avg | 41.3 |
| Villagers / military | 86 / 89 |
Focus
⚔️ 37.8% · 🌾 62.2%
Knight ×63 · Mangonel ×12 · Battering Ram ×5 · Spearman ×4 · Militia ×3 · Monk ×2
Feudal
9:25
Castle
22:39
Imperial
39:42
| APM avg | 38.7 |
| APM peak | 84 |
| eAPM avg | 18.8 |
| Villagers / military | 89 / 44 |
Focus
⚔️ 20.8% · 🌾 79.2%
Camel Archer ×37 · Scout Cavalry ×4 · Monk ×3
Match map
Initial resources + every placement click. Lines = walls · curves = elevation contours. ◆ gold · ⬟ stone · ● berries · ✦ relic · ◌ wall gap
Your base· Open — 6t gap
zNyk's base· ✓ Closed at 22:39 · 49t walls · 1 gate(s)
Smoothed initial terrain · ◌ = detected wall gap · hover for details
Inputs per minute
— OaRMäR - - zNyk
Build order — OaRMäR
First 150 of 292 actions detected
| 0:00 | Queue | Villager (Male) |
| 0:01 | Queue | Villager (Male) |
| 0:01 | Queue | Villager (Male) |
| 0:02 | Build | House |
| 0:03 | Build | House |
| 0:15 | Queue | Villager (Male) |
| 1:24 | Queue | Villager (Male) |
| 1:54 | Build | Lumber Camp |
| 1:57 | Queue | Villager (Male) |
| 2:21 | Queue | Villager (Male) |
| 2:22 | Queue | Villager (Male) |
| 2:54 | Queue | Villager (Male) |
| 2:58 | Research | Loom |
| 3:04 | Queue | Villager (Male) |
| 3:59 | Queue | Villager (Male) |
| 4:07 | Queue | Villager (Male) |
| 4:37 | Build | House |
| 5:05 | Build | House |
| 5:11 | Build | Barracks |
| 5:21 | Queue | Villager (Male) |
| 5:36 | Queue | Villager (Male) |
| 5:53 | Queue | Villager (Male) |
| 5:53 | Queue | Villager (Male) |
| 6:11 | Build | House |
| 6:27 | Queue | Militia |
| 6:27 | Queue | Militia |
| 6:55 | Build | Palisade Wall |
| 6:56 | Queue | Militia |
| 7:26 | Queue | Villager (Male) |
| 7:29 | Build | Mill |
| 8:08 | Build | Palisade Wall |
| 8:10 | Build | House |
| 8:15 | Queue | Villager (Male) |
| 8:16 | Queue | Villager (Male) |
| 8:27 | Build | Palisade Wall |
| 8:37 | Build | Palisade Wall |
| 8:39 | Build | Palisade Wall |
| 8:51 | Build | Farm |
| 8:52 | Build | Farm |
| 9:53 | Queue | Villager (Male) |
| 9:58 | Build | Palisade Wall |
| 10:00 | Build | Palisade Wall |
| 10:47 | Queue | Villager (Male) |
| 10:50 | Research | Feudal Age |
| 10:57 | Build | Farm |
| 10:59 | Build | Farm |
| 11:04 | Build | Mining Camp |
| 11:38 | Build | Farm |
| 11:47 | Build | Farm |
| 13:00 | Age | Feudal Age |
| 13:01 | Queue | Spearman |
| 13:03 | Research | Double-Bit Axe |
| 13:04 | Queue | Villager (Male) |
| 13:05 | Queue | Villager (Male) |
| 13:15 | Build | House |
| 13:30 | Build | Farm |
| 13:32 | Build | Farm |
| 13:36 | Queue | Spearman |
| 13:48 | Build | House |
| 13:57 | Research | Town Watch |
| 13:57 | Research | Town Watch |
| 14:03 | Build | Farm |
| 14:17 | Queue | Spearman |
| 14:25 | Build | House |
| 14:33 | Research | Horse Collar |
| 14:52 | Queue | Spearman |
| 14:56 | Build | Palisade Wall |
| 15:13 | Build | Market |
| 15:36 | Build | Farm |
| 15:44 | Queue | Villager (Male) |
| 16:14 | Queue | Villager (Male) |
| 16:26 | Build | Blacksmith |
| 16:34 | Queue | Villager (Male) |
| 16:49 | Build | Farm |
| 16:49 | Build | Farm |
| 17:17 | Research | Castle Age |
| 17:17 | Research | Castle Age |
| 17:24 | Build | House |
| 18:32 | Build | Stable |
| 18:37 | Build | Palisade Wall |
| 18:47 | Queue | Villager (Male) |
| 18:50 | Research | Scale Barding Armor |
| 18:51 | Research | Scale Barding Armor |
| 19:25 | Research | Forging |
| 19:29 | Research | Gold Mining |
| 19:48 | Build | Palisade Gate |
| 19:57 | Age | Castle Age |
| 19:58 | Research | Bow Saw |
| 20:04 | Queue | Knight |
| 20:20 | Build | Town Center |
| 20:33 | Queue | Villager (Male) |
| 20:48 | Queue | Knight |
| 21:14 | Queue | Villager (Male) |
| 21:31 | Queue | Knight |
| 21:40 | Queue | Villager (Male) |
| 22:17 | Build | Town Center |
| 22:24 | Queue | Villager (Male) |
| 22:24 | Queue | Villager (Male) |
| 22:32 | Queue | Knight |
| 22:45 | Queue | Villager (Male) |
| 23:10 | Build | Monastery |
| 23:19 | Queue | Knight |
| 23:36 | Queue | Villager (Male) |
| 23:36 | Queue | Villager (Male) |
| 23:48 | Queue | Villager (Male) |
| 23:48 | Queue | Villager (Male) |
| 23:49 | Queue | Villager (Male) |
| 23:57 | Queue | Knight |
| 23:57 | Queue | Knight |
| 24:08 | Queue | Knight |
| 24:09 | Queue | Villager (Male) |
| 24:11 | Queue | Monk |
| 24:34 | Queue | Villager (Male) |
| 24:35 | Queue | Villager (Male) |
| 24:38 | Build | Farm |
| 25:04 | Queue | Villager (Male) |
| 25:04 | Queue | Villager (Male) |
| 25:04 | Queue | Villager (Male) |
| 25:12 | Build | House |
| 25:15 | Queue | Knight |
| 25:22 | Build | Stable |
| 25:35 | Build | Stone Wall |
| 25:40 | Research | Bloodlines |
| 25:50 | Queue | Monk |
| 25:56 | Queue | Villager (Male) |
| 25:56 | Queue | Villager (Male) |
| 25:58 | Build | Farm |
| 26:10 | Queue | Villager (Male) |
| 26:10 | Queue | Villager (Male) |
| 26:23 | Build | Farm |
| 26:24 | Build | Farm |
| 26:40 | Queue | Villager (Male) |
| 26:40 | Queue | Villager (Male) |
| 26:41 | Queue | Villager (Male) |
| 26:44 | Build | Siege Workshop |
| 26:52 | Queue | Knight |
| 26:52 | Queue | Knight |
| 26:53 | Queue | Knight |
| 26:56 | Build | House |
| 27:04 | Build | Lumber Camp |
| 27:09 | Research | Stone Mining |
| 27:09 | Research | Stone Mining |
| 27:13 | Queue | Villager (Male) |
| 27:13 | Queue | Villager (Male) |
| 27:22 | Build | House |
| 27:39 | Queue | Mangonel |
| 27:40 | Queue | Villager (Male) |
| 27:41 | Queue | Villager (Male) |
| 27:41 | Queue | Villager (Male) |
| 27:45 | Build | House |
Build order — zNyk
First 150 of 240 actions detected
| 0:02 | Build | House |
| 0:03 | Build | House |
| 0:03 | Queue | Villager (Male) |
| 0:04 | Queue | Villager (Male) |
| 0:18 | Queue | Villager (Male) |
| 0:18 | Queue | Villager (Male) |
| 0:19 | Queue | Villager (Male) |
| 1:40 | Queue | Villager (Male) |
| 2:01 | Queue | Villager (Male) |
| 2:33 | Queue | Villager (Male) |
| 2:33 | Queue | Villager (Male) |
| 2:49 | Queue | Villager (Male) |
| 3:24 | Build | House |
| 3:25 | Build | House |
| 3:29 | Queue | Villager (Male) |
| 3:30 | Queue | Villager (Male) |
| 3:31 | Queue | Villager (Male) |
| 4:02 | Queue | Villager (Male) |
| 4:13 | Build | House |
| 4:38 | Queue | Villager (Male) |
| 5:03 | Queue | Villager (Male) |
| 5:21 | Build | Lumber Camp |
| 5:26 | Queue | Villager (Male) |
| 5:58 | Queue | Villager (Male) |
| 6:28 | Build | Mill |
| 6:50 | Queue | Villager (Male) |
| 7:15 | Research | Feudal Age |
| 7:55 | Build | Barracks |
| 8:22 | Queue | Villager (Male) |
| 8:22 | Queue | Villager (Male) |
| 8:41 | Build | Palisade Wall |
| 8:53 | Queue | Villager (Male) |
| 9:02 | Research | Loom |
| 9:12 | Build | House |
| 9:16 | Build | Palisade Wall |
| 9:25 | Age | Feudal Age |
| 9:26 | Queue | Villager (Male) |
| 9:51 | Build | Stable |
| 10:53 | Queue | Villager (Male) |
| 10:53 | Queue | Villager (Male) |
| 11:24 | Queue | Villager (Male) |
| 11:54 | Build | Palisade Wall |
| 11:55 | Build | Palisade Gate |
| 11:57 | Build | House |
| 11:59 | Queue | Villager (Male) |
| 12:13 | Build | Farm |
| 12:16 | Queue | Scout Cavalry |
| 12:16 | Queue | Scout Cavalry |
| 12:28 | Queue | Villager (Male) |
| 12:37 | Build | Farm |
| 12:38 | Queue | Villager (Male) |
| 12:43 | Build | Palisade Wall |
| 12:46 | Build | Palisade Wall |
| 13:03 | Build | Lumber Camp |
| 13:08 | Build | Farm |
| 13:19 | Build | House |
| 13:20 | Build | House |
| 13:25 | Queue | Villager (Male) |
| 13:48 | Queue | Villager (Male) |
| 13:49 | Queue | Villager (Male) |
| 13:52 | Build | Farm |
| 13:56 | Research | Double-Bit Axe |
| 14:03 | Build | Farm |
| 14:15 | Build | Farm |
| 14:21 | Queue | Villager (Male) |
| 14:26 | Build | Farm |
| 14:33 | Build | Palisade Wall |
| 14:49 | Build | Farm |
| 14:52 | Build | Farm |
| 14:53 | Queue | Villager (Male) |
| 15:03 | Build | Farm |
| 15:12 | Build | Farm |
| 15:23 | Queue | Villager (Male) |
| 15:26 | Research | Horse Collar |
| 15:35 | Build | Farm |
| 15:40 | Build | House |
| 15:41 | Build | House |
| 15:50 | Build | Palisade Wall |
| 15:58 | Queue | Villager (Male) |
| 16:02 | Build | Mining Camp |
| 16:06 | Queue | Villager (Male) |
| 16:30 | Build | House |
| 16:32 | Build | House |
| 16:35 | Queue | Villager (Male) |
| 16:42 | Build | Market |
| 16:50 | Build | House |
| 16:55 | Build | Palisade Wall |
| 17:00 | Queue | Villager (Male) |
| 17:15 | Build | Farm |
| 17:24 | Queue | Villager (Male) |
| 17:27 | Build | Blacksmith |
| 17:44 | Queue | Villager (Male) |
| 17:47 | Build | Farm |
| 18:06 | Build | Farm |
| 18:22 | Queue | Villager (Male) |
| 18:25 | Build | Farm |
| 18:28 | Queue | Villager (Male) |
| 18:31 | Build | Farm |
| 18:40 | Build | Mining Camp |
| 19:11 | Queue | Scout Cavalry |
| 19:16 | Build | House |
| 19:17 | Build | House |
| 19:18 | Build | House |
| 19:59 | Research | Castle Age |
| 20:39 | Queue | Villager (Male) |
| 20:41 | Build | House |
| 20:42 | Build | House |
| 20:43 | Build | House |
| 21:08 | Research | Bloodlines |
| 21:36 | Queue | Villager (Male) |
| 22:28 | Queue | Scout Cavalry |
| 22:39 | Age | Castle Age |
| 22:43 | Build | Castle |
| 22:47 | Queue | Villager (Male) |
| 23:13 | Queue | Villager (Male) |
| 23:21 | Research | Bow Saw |
| 23:21 | Research | Heavy Plow |
| 23:36 | Queue | Villager (Male) |
| 23:57 | Queue | Camel Archer |
| 23:57 | Queue | Camel Archer |
| 23:58 | Queue | Camel Archer |
| 23:58 | Queue | Camel Archer |
| 23:59 | Queue | Camel Archer |
| 24:10 | Queue | Villager (Male) |
| 24:22 | Build | Stone Wall |
| 24:27 | Build | Stone Wall |
| 24:30 | Build | Stone Wall |
| 24:40 | Build | Farm |
| 24:46 | Build | Stone Wall |
| 24:49 | Build | Stone Wall |
| 25:05 | Queue | Villager (Male) |
| 25:05 | Queue | Villager (Male) |
| 25:18 | Build | Farm |
| 25:18 | Build | Farm |
| 25:23 | Build | Lumber Camp |
| 25:36 | Queue | Camel Archer |
| 25:36 | Queue | Camel Archer |
| 25:42 | Build | Farm |
| 25:44 | Queue | Villager (Male) |
| 26:10 | Build | Town Center |
| 26:27 | Queue | Villager (Male) |
| 26:28 | Queue | Villager (Male) |
| 26:28 | Queue | Villager (Male) |
| 26:30 | Research | Wheelbarrow |
| 26:31 | Research | Town Watch |
| 26:31 | Queue | Villager (Male) |
| 26:32 | Queue | Villager (Male) |
| 26:37 | Queue | Camel Archer |
| 26:38 | Queue | Camel Archer |
| 26:38 | Queue | Camel Archer |
Match timeline
| 5:11 | OaRMäR · first_building Barracks |
| 6:55 | OaRMäR · wall_segment Palisade Wall x11 |
| 7:55 | zNyk · first_building Barracks |
| 8:08 | OaRMäR · wall_segment Palisade Wall x7 |
| 8:27 | OaRMäR · wall_segment Palisade Wall x6 |
| 8:37 | OaRMäR · wall_segment Palisade Wall x13 |
| 8:39 | OaRMäR · wall_segment Palisade Wall x10 |
| 8:41 | zNyk · wall_segment Palisade Wall x4 |
| 9:16 | zNyk · wall_segment Palisade Wall x8 |
| 9:25 | zNyk · age_up feudal |
| 9:51 | zNyk · first_building Stable |
| 9:58 | OaRMäR · wall_segment Palisade Wall x7 |
| 10:00 | OaRMäR · wall_segment Palisade Wall x4 |
| 11:54 | zNyk · wall_segment Palisade Wall x4 |
| 12:43 | zNyk · wall_segment Palisade Wall x6 |
| 12:46 | zNyk · wall_segment Palisade Wall x1 |
| 13:00 | OaRMäR · age_up feudal |
| 14:33 | zNyk · wall_segment Palisade Wall x13 |
| 14:56 | OaRMäR · wall_segment Palisade Wall x2 |
| 15:50 | zNyk · wall_segment Palisade Wall x1 |
| 16:55 | zNyk · wall_segment Palisade Wall x13 |
| 18:32 | OaRMäR · first_building Stable |
| 18:37 | OaRMäR · wall_segment Palisade Wall x1 |
| 19:08 | OaRMäR · first_market_buy 100 wood |
| 19:57 | OaRMäR · age_up castle |
| 22:39 | zNyk · age_up castle |
| 22:43 | zNyk · first_building Castle |
| 23:10 | OaRMäR · first_building Monastery |
| 24:22 | zNyk · wall_segment Stone Wall x2 |
| 24:27 | zNyk · wall_segment Stone Wall x1 |
| 24:30 | zNyk · wall_segment Stone Wall x1 |
| 24:46 | zNyk · wall_segment Stone Wall x1 |
| 24:49 | zNyk · wall_segment Stone Wall x1 |
| 25:35 | OaRMäR · wall_segment Stone Wall x5 |
| 26:44 | OaRMäR · first_building Siege Workshop |
| 29:20 | zNyk · first_building Monastery |
| 30:30 | OaRMäR · wall_segment Palisade Wall x1 |
| 32:23 | OaRMäR · first_building Castle |
| 36:48 | OaRMäR · first_market_sell 100 stone |
| 38:40 | zNyk · wall_segment Stone Wall x1 |
| 38:41 | zNyk · wall_segment Stone Wall x1 |
| 38:41 | zNyk · wall_segment Stone Wall x1 |
| 38:43 | zNyk · wall_segment Stone Wall x1 |
| 39:42 | zNyk · age_up imperial |
| 41:09 | OaRMäR · resign |
[ AI ANALYSIS · 1 CREDIT ]
What really happened in this match?
Wolo.gg analyzes every decision: build order, eco, micro, common mistakes by bracket. Personalized analysis on WhatsApp or Discord in 30 seconds.
Civ guide
Slavs
Perfil
Jugador #2106972